 Dungeon Crawl Stone Soup version 0.31-a0-366-ga77b45bd9b (webtiles) character file.

Game seed: 6507384146411062584

28 MacCMillion the Ruffian (level 3, 32/32 HPs)
             Began as a Troll Shapeshifter on July 28, 2023.
             Quit the game on level 1 of the Dungeon.
             The game lasted 00:00:38 (279 turns).

MacCMillion the Ruffian (Troll Shapeshifter)         Turns: 279, Time: 00:00:40

Health: 32/32      AC:  4    Str: 25    XL:     3   Next: 0%
Magic:  2/2        EV:  9    Int:  4    God:
Gold:   75         SH:  0    Dex: 10    Spells: 2/2 levels left

rFire   . .          .
                       - Unarmed
rCold   . . .        (no shield)
rNeg    . . .        a - +0 animal skin
rPois   .            (helmet currently unavailable)
rElec   .            (cloak currently unavailable)
rCorr   .            (gloves unavailable)
SInv    .            (boots unavailable)
Will    .....        (no amulet)
Stlth   +            (no ring)
HPRegen 1.05/turn    (no ring)
MPRegen 0.08/turn

%: no passive effects
@: beast-form
A: beast (slay +2), large, unfitting armour, claws 3, regeneration 1, shaggy fur
1, tough skin 1
a: Begin Untransformation


You were on level 1 of the Dungeon.
You were a hulking beast.
You visited 1 branch of the dungeon, and saw 1 of its levels.

You collected 75 gold pieces.

Inventory:

Armour
 a - a +0 animal skin (worn)
Talismans
 c - a beast talisman
Scrolls
 d - a scroll of amnesia {unknown}
 e - a scroll of identify {unknown}
 f - a scroll of immolation {unknown}
Potions
 b - a potion of lignification


   Skills:
 - Level 0.7 Fighting
 - Level 1.5 Dodging
 + Level 4.2 Unarmed Combat
 - Level 3.0 Shapeshifting


You had 2 spell levels left.
You didn't know any spells.
Your spell library contained the following spells:

 Spells                   Type           Power      Damage    Failure   Level
 Magic Dart               Conj           0%         1d3       50%         1
 Searing Ray              Conj           0%         2d4       65%         2
 Fulminant Prism          Conj/Hex       0%         3d5       99%         4


Dungeon Overview and Level Annotations

Branches:
Dungeon (1/15)

Altars:


Innate Abilities, Weirdness & Mutations

You are a hulking beast.
Your limbs bulge with bestial killing power. (Slay +2)
You are too large for most types of armour.
You have claws for hands.
Your natural rate of healing is unusually fast.
You are covered in fur. (AC +1)
You have tough skin. (AC +1)


Message History

You kill the rat!
No target in view!
No target in view!
f - a scroll labelled DAES ZOQYURA A ball python comes into view.
The ball python hisses angrily.
A ball python is nearby!
A ball python is nearby!
A quokka comes into view.
The ball python bites you.
You scratch the ball python.
You kill the ball python!
You claw the quokka!
You kill the quokka!
No target in view!
No target in view!
You now have 52 gold pieces (gained 13).
Found an escape hatch in the floor.
You now have 67 gold pieces (gained 15).
A rat comes into view.
A rat is nearby!
You claw the rat!
You kill the rat!
No target in view!
You now have 75 gold pieces (gained 8).
You see here a rat corpse.
A giant cockroach comes into view.
A giant cockroach is nearby!
A giant cockroach is nearby!
A ball python comes into view.
You claw the giant cockroach!
You kill the giant cockroach!
The ball python hisses angrily.
You scratch the ball python.
You kill the ball python!
You have reached level 3!
Your experience leads to an increase in your attributes!
Increase (S)trength, (I)ntelligence, or (D)exterity?
You feel stronger. x3
Are you sure you want to abandon this character and quit the game? (Confirm with "yes".)

.# #.# .# #.# >#
#.#### .# ##.##..
#..##.# #.###.# #.#
#.# #.# #†# #####
#.# #h#
......#.###.#
..#....##.#######
#...........†......
....##...##########
### ##.## #.# ..#
####


There were no monsters in sight!

Vanquished Creatures
  2 ball pythons (D:1)
  2 endoplasms (D:1)
  2 giant cockroaches (D:1)
  3 goblins (D:1)
  2 hobgoblins (D:1)
  5 jackals (D:1)
  A quokka (D:1)
  A frilled lizard (D:1)
  3 kobolds (D:1)
  2 rats (D:1)
23 creatures vanquished.

Notes
Turn   | Place    | Note
-------+----------+-------------------------------------------
     0 | D:1      | MacCMillion the Troll Shapeshifter began the quest for the
                  | Orb.
     0 | D:1      | Reached XP level 1. HP: 18/18 MP: 0/0
    87 | D:1      | Reached XP level 2. HP: 26/26 MP: 1/1
   208 | D:1      | Reached skill level 4 in Unarmed Combat
   279 | D:1      | Reached XP level 3. HP: 32/32 MP: 2/2
   279 | D:1      | Quit the game

Illustrated notes

Levels and vault maps discovered:
D:1:      dpeg_arrival_simpleton_a, layout_loops_ring, serial_bayou_pond_b

Skill      XL: |  1  2 |
---------------+-------+-----
Unarmed Combat | 4 |  4.2
Fighting       | |  0.7
Dodging        | |  1.5
Shapeshifting  | |  3.0

Action                     || total
---------------------------++-------
  Melee: Unarmed           ||    43
         Punch             ||     1
 Armour: Animal skin       ||    15
  Dodge: Dodged            ||    11

Table legend: (Time is in decaauts)
 A = Elapsed time spent in this place.
 B = Non-inter-level travel time spent in this place.
 C = Inter-level travel time spent in this place.
 D = Time resting spent in this place.
 E = Time spent auto-exploring this place.
 F = Levels seen in this place.
 G = Mean time per level.
                   A        B        C        D        E       F      G
               +--------+--------+--------+--------+--------+-----+--------+
         Total |    275 |    275 |      0 |      0 |    182 |   1 |  275.0 |
       Dungeon |    275 |    275 |      0 |      0 |    182 |   1 |  275.0 |
               +--------+--------+--------+--------+--------+-----+--------+

Top non-repeatable levels by time:
     D:1: 275 daAuts
